 Dungeon Crawl Stone Soup version 0.24.1-14-gf8d2b509d9 (webtiles) character file.

Game seed: 5129685569653994912, levelgen mode: deterministic

6745 LowPressure the Slicer (level 10, -9/77 HPs)
             Began as a Demonspawn Gladiator on May 30, 2020.
             Was a Follower of Ashenzari.
             Mangled by a five-headed hydra (12 damage)
             ... on level 9 of the Dungeon.
             The game lasted 00:41:39 (11114 turns).

LowPressure the Slicer (Demonspawn Gladiator)      Turns: 11114, Time: 00:41:40

Health: -9/77      AC: 13    Str: 19    XL:     10   Next: 75%
Magic:  10/10      EV: 12    Int: 11    God:    Ashenzari [*.....]
Gold:   18         SH:  0    Dex: 14    Spells: 9/9 levels left

rFire    . . .     SeeInvis +   V - +10 great sword of Disembowelment {slice, +Rage MR- SInv Stlth+}
rCold    . . .     Gourm    .   (shield currently unavailable)
rNeg     + . .     Faith    .   z - +1 scale mail of Feasting {rN+ Str+2} (curse)
rPois    +         Spirit   .   (helmet restricted)
rElec    .         Reflect  .   u - +0 cloak (curse)
rCorr    +         Harm     .   P - +0 pair of gloves
MR       .....                  Q - +0 pair of boots
Stlth    +++.......             (no amulet)
HPRegen  0.22/turn              b - ring of resist corrosion (curse)
MPRegen  0.12/turn              (no ring)

@: no status effects
A: horns 2, nightstalker 1, poison resistance, rot immunity, subdued magic 1,
sturdy frame 1
a: Curse Item, Scrying, Renounce Religion, Evoke Berserk Rage


You were on level 9 of the Dungeon.
You worshipped Ashenzari.
Ashenzari was aware of your devotion.
You were hungry.

You visited 3 branches of the dungeon, and saw 11 of its levels.
You also visited: Sewer.

You collected 495 gold pieces.
You spent 477 gold pieces at shops.

Inventory:

Hand Weapons
 a - a cursed +0 long sword
 l - a +0 club
 q - a +2 dagger of venom
 x - a +2 vampiric dagger
 A - a +3 short sword of electrocution
 B - a +1 mace of draining
 C - a +0 great sword
 F - a +3 quarterstaff of chaos
 V - the +10 great sword of Disembowelment (weapon) {slice, +Rage MR- SInv Stlth+}
   (You bought it in a shop on level 4 of the Dungeon)

   It inflicts extra damage upon your enemies.
   It affects your resistance to hostile enchantments.
   It lets you see invisible.
   It lets you go berserk.
   It makes you more stealthy.
Missiles
 d - 3 throwing nets (quivered)
 g - 55 poisoned darts
Armour
 o - a +0 plate armour
 u - a cursed +0 cloak (worn)
 z - the cursed +1 scale mail of Feasting (worn) {rN+ Str+2}
   (You found it on level 4 of the Dungeon)

   It affects your strength (+2).
   It protects you from negative energy.
   It has a curse placed upon it.
 K - a +0 buckler
 L - the +3 leather armour of Patax {rElec}
   (You found it on level 7 of the Dungeon)

   It insulates you from electricity.
 P - a +0 pair of gloves (worn)
 Q - a +0 pair of boots (worn)
Jewellery
 b - a cursed ring of resist corrosion (left hand)
 N - an uncursed ring of ice
 O - a cursed ring of teleportation
Wands
 D - a wand of digging (5)
 G - a wand of acid (10)
 J - a wand of flame (10)
 M - a wand of enslavement (5)
 R - a wand of paralysis (6)
 T - a wand of iceblast (9)
Scrolls
 c - a scroll of amnesia {unknown}
 e - 4 scrolls of remove curse
 i - a scroll of blinking {unknown}
 j - 13 scrolls of identify {unknown}
 k - 4 scrolls of immolation
 p - 7 scrolls of teleportation
 t - 4 scrolls of enchant weapon {unknown}
 v - 2 scrolls of fear {unknown}
 w - 4 scrolls of fog {unknown}
 y - 3 scrolls of magic mapping {unknown}
 S - 3 scrolls of acquirement {unknown}
Potions
 h - 5 potions of curing
 m - 6 potions of flight
 n - 3 potions of mutation
 r - 3 potions of lignification
 s - a potion of invisibility {unknown}
 E - a potion of cancellation {unknown}
 H - a potion of magic
 U - a potion of berserk rage {unknown}
Comestibles
 f - 22 rations


   Skills:
 + Level 6.8 Fighting
 + Level 9.0(9.8) Short Blades
 + Level 6.0(8.3) Long Blades
 + Level 1.8 Throwing
 + Level 8.1 Armour
 - Level 3.4 Dodging
 - Level 1.3 Stealth
 + Level 2.2 Shields
 + Level 1.0 Evocations


You had 9 spell levels left.
You didn't know any spells.
Your spell library contained the following spells:

 Spells                   Type           Power        Failure   Level  Hunger
 Beastly Appendage        Tmut           #.....       50%         1    ##.....
 Pain                     Necr           #...         50%         1    ##.....
 Sticks to Snakes         Tmut           #.......     65%         2    ###....
 Spider Form              Tmut/Pois      #.........   87%         3    ####...
 Ice Form                 Ice/Tmut       #.......     99%         4    #####..
 Blade Hands              Tmut           #.........   100%        5    ######.
 Bolt of Magma            Conj/Fire/Erth #.........   100%        5    ######.
 Death Channel            Necr           #.........   100%        6    #######


Dungeon Overview and Level Annotations

Branches:
Dungeon (9/15)             Temple (1/1) D:4            Lair (1/6) D:9
    Orc (0/2) D:9           Sewer (visited)

Altars:
Ashenzari
Cheibriados
Dithmenos
Elyvilon
Fedhas
Gozag
Hepliaklqana
Kikubaaqudgha
Makhleb
Nemelex Xobeh
Okawaru
Qazlal
Ru
Sif Muna
Trog
Uskayaw
Vehumet
Wu Jian
Xom
Yredelemnul
Zin
The Shining One

Shops:
D:4 [=*}*   D:8 *   D:9 (

Annotations:
D:7 exclusion: downstairs


Innate Abilities, Weirdness & Mutations

You have a pair of horns on your head.
You are slightly more attuned to the shadows.
You are immune to rotting.
Your movements are slightly less encumbered by armour. (ER -2)
Your system is resistant to poisons. (rPois)
Your spells are a little easier to cast, but a little less powerful.


Message History

Unknown command.
Okay, then.
You feel much better.
The five-headed hydra bites you but does no damage.
The five-headed hydra bites you!
* * * LOW HITPOINT WARNING * * *
The five-headed hydra bites you!
* * * LOW HITPOINT WARNING * * *
The five-headed hydra bites you!
* * * LOW HITPOINT WARNING * * *
The five-headed hydra bites you but does no damage.
The yak gores you but does no damage.
As you read the scroll labeled IFROID WAMA, it crumbles to dust.
The creatures around you are filled with an inner flame!
It was a scroll of immolation.
The five-headed hydra bites you but does no damage.
The five-headed hydra bites you.
* * * LOW HITPOINT WARNING * * *
The five-headed hydra bites you!
You die...

#...# #....(........
#########...# #.............
............########.............
.................................
.......#######.....##############
.......# ##.........##
.......####.......P...###########
.................................
.....####......D@................
###..# ##.....Y..........#######
.....######...........#...#######
..........##.........##..........
..........####.....####..........
##########.# ###.###.............
...........#####.###.............
.................................
...................##############


You could see a five-headed hydra (inner flame) and a yak (inner flame).

Vanquished Creatures
  A two-headed ogre (D:9)
  A troll (D:9)
  2 hippogriffs
  3 blink frogs (Lair:1)
  2 wargs (D:9)
  An eye of draining (D:8)
  3 orc warriors
  2 ice beasts
  A sky beast (D:9)
  4 phantoms
  7 ogres
  4 centaurs
  7 bullfrogs
  3 scorpions
  9 killer bees
  An electric eel (Lair:1)
  3 crimson imps
  3 bullfrog zombies
  3 hounds
  3 jellies
  2 quasits
  2 bullfrog skeletons
  An orc priest (D:9)
  Crazy Yiuf (D:5)
  3 centaur zombies
  A centaur skeleton (D:7)
  Jessica (D:2)
  Ijyb (D:5)
  Natasha (thrice) (D:3)
  4 iguanas
  12 orc wizards
  A merfolk siren (Sewer)
  3 worker ants
  A merfolk avatar (Sewer)
  A killer bee zombie (D:9)
  A hound skeleton (D:9)
  A worker ant zombie (D:7)
  Robin (D:2)
  19 adders
  4 river rats (D:6)
  2 shadow imps
  An ooze (D:5)
  An adder zombie (D:9)
  3 adder skeletons
  5 worms
  3 dart slugs
  3 leopard geckos
  33 orcs
  4 ball pythons (Sewer)
  6 giant cockroaches
  12 goblins
  12 hobgoblins
  14 jackals
  8 quokkas
  9 bats
  10 frilled lizards
  8 kobolds
  29 rats
289 creatures vanquished.

Vanquished Creatures (others)
  A fungus (Lair:1)
1 creature vanquished.

Grand Total: 290 creatures vanquished

Notes
Turn   | Place    | Note
-------+----------+-------------------------------------------
     0 | D:1      | LowPressure the Demonspawn Gladiator began the quest for
                  | the Orb.
     0 | D:1      | Reached XP level 1. HP: 16/16 MP: 1/1
   219 | D:1      | Gained mutation: You are immune to rotting. [demonic
                  | ancestry]
   219 | D:1      | Reached XP level 2. HP: 20/22 MP: 2/2
  1070 | D:2      | Gained mutation: Your movements are slightly less
                  | encumbered by armour. (ER -2) [demonic ancestry]
  1070 | D:2      | Reached XP level 3. HP: 27/27 MP: 3/3
  1119 | D:2      | Noticed Jessica
  1126 | D:2      | Killed Jessica
  1285 | D:2      | Found a hazy altar of Hepliaklqana.
  1510 | D:2      | Reached XP level 4. HP: 32/34 MP: 4/4
  1750 | D:2      | Noticed Robin
  1782 | D:2      | Killed Robin
  1987 | D:2      | Found a sparkling altar of Nemelex Xobeh.
  2209 | D:3      | Reached skill level 1 in Armour
  2473 | D:3      | Noticed Natasha
  2478 | D:3      | Killed Natasha
  2478 | D:3      | Gained mutation: You have a pair of small horns on your
                  | head. [demonic ancestry]
  2478 | D:3      | Reached XP level 5. HP: 36/39 MP: 5/5
  2729 | D:3      | Noticed Natasha
  2738 | D:3      | Killed Natasha
  2738 | D:3      | Reached skill level 1 in Stealth
  2911 | D:3      | Noticed Natasha
  2918 | D:3      | Killed Natasha
  3187 | D:4      | Got a smoking scale mail
  3198 | D:4      | Identified the +1 scale mail of Feasting {rN+ Str+2} (You
                  | found it on level 4 of the Dungeon)
  3234 | D:4      | Found Keodd's Gadget Shop.
  3281 | D:4      | Found Nabeba's Assorted Antiques.
  3301 | D:4      | Bought a scroll labeled JURERE BALA for 28 gold pieces
  3301 | D:4      | Bought 2 scrolls labeled OHEQETH MIXA for 56 gold pieces
  3301 | D:4      | Bought a dark potion for 25 gold pieces
  3325 | D:4      | Reached XP level 6. HP: 35/47 MP: 6/6
  3634 | D:4      | Found Kemoah's Assorted Antiques.
  3644 | D:4      | Reached skill level 5 in Long Blades
  3709 | D:4      | Found a burning altar of Makhleb.
  3798 | D:4      | Found a staircase to the Ecumenical Temple.
  3805 | Temple   | Entered the Ecumenical Temple
  3898 | Temple   | Became a worshipper of Ashenzari the Shackled
  4021 | D:4      | Found Leaboss's Jewellery Shop.
  4145 | D:4      | Found Quaxunt's Antique Armour Shoppe.
  4187 | D:5      | Entered Level 5 of the Dungeon
  4290 | D:5      | Gained mutation: You are slightly more attuned to the
                  | shadows. [demonic ancestry]
  4290 | D:5      | Reached XP level 7. HP: 46/52 MP: 7/7
  4334 | D:5      | Reached skill level 1 in Short Blades
  4827 | D:5      | Noticed Ijyb
  4833 | D:5      | Killed Ijyb
  5084 | D:5      | Found an iron altar of Okawaru.
  5161 | D:5      | Reached skill level 2 in Short Blades
  5172 | D:5      | Found a runed translucent door.
  5173 | D:5      | Noticed Crazy Yiuf
  5236 | D:5      | Killed Crazy Yiuf
  5482 | D:6      | Reached XP level 8. HP: 54/60 MP: 8/8
  5507 | D:6      | Reached skill level 3 in Short Blades
  5573 | D:6      | Gained mutation: Your spells are a little easier to cast,
                  | but a little less powerful. [potion of mutation]
  5573 | D:6      | Gained mutation: Your system is resistant to poisons.
                  | (rPois) [potion of mutation]
  5615 | D:6      | Found a glowing drain.
  5658 | Sewer    | Entered a sewer
  6378 | D:6      | Reached skill level 4 in Short Blades
  6663 | D:6      | Reached skill level 5 in Armour
  6938 | D:6      | Reached skill level 5 in Short Blades
  7065 | D:6      | Reached skill level 5 in Fighting
  7065 | D:6      | Reached XP level 9. HP: 61/68 MP: 9/9
  7271 | D:6      | Found a basalt altar of Yredelemnul.
  7276 | D:6      | Found an ancient bone altar of Kikubaaqudgha.
  7277 | D:6      | Found a shimmering blue altar of Sif Muna.
  7278 | D:6      | Found a shimmering altar of Xom.
  7278 | D:6      | Found a shadowy altar of Dithmenos.
  7278 | D:6      | Found a sacrificial altar of Ru.
  7278 | D:6      | Found an opulent altar of Gozag.
  7279 | D:6      | Found an ornate altar of the Wu Jian Council.
  7677 | D:7      | Identified the +3 leather armour of Patax {rElec}
  7778 | D:7      | Reached skill level 6 in Short Blades
  8163 | D:7      | Reached skill level 7 in Short Blades
  8418 | D:8      | Identified the Tome of Flamy Darkness
  8514 | D:8      | Reached skill level 1 in Shields
  8542 | D:8      | HP: 2/69 [orc warrior/+0 trident (15)]
  8996 | D:8      | Gained mutation: You have a pair of horns on your head.
                  | [demonic ancestry]
  8996 | D:8      | Reached XP level 10. HP: 56/76 MP: 2/10
  9145 | D:8      | Found Edab's Assorted Antiques.
  9513 | D:9      | Found Xolaum's Weapon Emporium.
  9514 | D:9      | Found a staircase to the Orcish Mines.
  9635 | D:9      | Reached * piety under Ashenzari
  9789 | D:9      | Reached skill level 8 in Short Blades
  9876 | D:9      | Noticed a two-headed ogre
  9884 | D:9      | Killed a two-headed ogre
 10080 | D:9      | Found a staircase to the Lair.
 10258 | D:9      | Found a glowing silver altar of Zin.
 10259 | D:9      | Noticed an angel
 10627 | D:4      | Bought a steaming great sword for 368 gold pieces
 10632 | D:4      | Identified the +10 great sword of Disembowelment {slice,
                  | +Rage MR- SInv Stlth+} (You bought it in a shop on level 4
                  | of the Dungeon)
 10788 | Lair:1   | Entered Level 1 of the Lair of Beasts
 10815 | Lair:1   | Reached skill level 9 in Short Blades
 10815 | Lair:1   | Reached skill level 1 in Evocations
 11086 | Lair:1   | Noticed a five-headed hydra
 11114 | D:9      | HP: 3/77 [five-headed hydra (3)]
 11114 | D:9      | Mangled by a five-headed hydra

Levels and vault maps discovered:
D:1:      ebering_trefoil_twist, layout_basic
D:2:      layout_basic, lemuel_coloured_pillars_altar,
          nemelex_lonely_heart_becter, uniq_robin, uniq_jessica
D:3:      layout_basic, st_stairs_8, uniq_natasha
D:4:      layout_basic, minmay_temple_entry_statues, serial_shops,
          nicolae_shop_crystal, nicolae_shop_statue_plus, kennysheep_little_box,
          shop, nicolae_shop_temple_entry_statues_fountains,
          lemuel_altar_in_water
D:5:      layout_gridville, old_standard_altar, first_ration,
          uniq_crazy_yiuf_cottage, uniq_ijyb
D:6:      layout_loops_ring, minitemple, lightli_sewer_entry_pipes,
          serial_rivers, chequers_serial_rivers_room_a,
          chequers_serial_rivers_small_b, chequers_serial_rivers_micro_d,
          chequers_serial_rivers_micro_e, chequers_serial_rivers_micro_e
D:7:      layout_loops_ring
D:8:      layout_cave_pools, serial_shops, nicolae_shop_overgrown_old_shop
D:9:      layout_long_grid, zin_angel, erik_lair_orcish_takeover, orc_0_dummy,
          serial_shops, nicolae_shop_window_shopping
Temple:   minmay_temple_curvy_loop
Lair:1:   layout_regular_city, serial_bayou_shore_a, infiniplex_staircase_pool

Skill      XL: |  1  2  3  4  5  6  7  8  9 10 |
---------------+-------------------------------+-----
Long Blades    | 3 4 5 6 |  6.0
Dodging        | 3 |  3.4
Armour         | 1 2 4 5 7 8 |  8.1
Stealth        | 1 |  1.3
Fighting       | 3 4 5 6 |  6.8
Short Blades   | 2 5 7 9 |  9.0
Shields        | 1 2 |  2.2
Evocations     | 1 |  1.0
Throwing       | |  1.8

Action                   |  1- 3 |  4- 6 |  7- 9 | 10-12 || total
-------------------------+-------+-------+-------+-------++-------
Melee: Long sword        |    81 |   153 |       |       ||   234
       Headbutt          |       |    30 |   101 |    33 ||   164
       Dagger            |       |    54 |    35 |       ||    89
       Short sword       |       |       |   545 |   135 ||   680
       Great sword       |       |       |       |    12 ||    12
Invok: Curse Item        |       |     2 |     2 |       ||     4
Evoke: Wand              |       |       |       |     5 ||     5
  Use: Scroll            |       |     1 |     1 |     1 ||     3
       Potion            |       |       |    11 |     2 ||    13
 Stab: Sleeping          |     1 |       |    15 |     1 ||    17
  Eat: Chunk             |     2 |     9 |    16 |     6 ||    33
Armor: Leather armour    |     9 |       |       |       ||     9
       Plate armour      |    41 |   107 |       |       ||   148
       Scale mail        |       |     6 |   210 |    41 ||   257
       Skin              |       |       |    26 |       ||    26
Dodge: Dodged            |    59 |   114 |   300 |    65 ||   538
Block: Buckler           |       |       |    30 |    14 ||    44
       Rpst.: Long sword |    19 |    30 |       |       ||    49
       Great sword       |       |       |       |     4 ||     4
